 Dungeon Crawl Stone Soup version 0.29-a0-72-g1732ff48e7 (webtiles) character file.

Game seed: 1412912287126427675

229 gruber the Magician (level 5, -1/37 HPs)
             Began as a Demonspawn Hedge Wizard on Feb 3, 2022.
             Slain by a human zombie (5 damage)
             ... on level 3 of the Dungeon.
             The game lasted 00:03:29 (2453 turns).

gruber the Magician (Demonspawn Hedge Wizard)       Turns: 2453, Time: 00:03:30

Health: -1/37      AC:  4    Str: 10    XL:     5   Next: 71%
Magic:  12/12      EV: 12    Int: 17    God:
Gold:   78         SH:  0    Dex: 13    Spells: 13/14 levels left

rFire   . . .      SeeInvis .   a - +2 dagger (venom)
rCold   . . .      Faith    .   (no shield)
rNeg    . . .      Spirit   .   b - +0 robe
rPois   .          Reflect  .   c - +0 hat
rElec   .          Harm     .   (no cloak)
rCorr   .          Rampage  .   (no gloves)
Will    .....                   (no boots)
Stlth   ++........              (no amulet)
HPRegen 0.12/turn               (no ring)
MPRegen 0.13/turn               (no ring)

@: no status effects
A: slimy green scales 1, foul stench 1, powered by pain 1
a: no special abilities


You were on level 3 of the Dungeon.
You visited 1 branch of the dungeon, and saw 3 of its levels.

You collected 78 gold pieces.

Inventory:

Hand Weapons
 a - a +2 dagger of venom (weapon)
Armour
 b - a +0 robe (worn)
 c - a +0 hat (worn)
Jewellery
 i - an amulet of reflection
Scrolls
 e - 2 scrolls of teleportation {unknown}
 g - a scroll of fear {unknown}
 h - a scroll of fog {unknown}
Potions
 d - a potion of heal wounds {unknown}
 f - a potion of degeneration {unknown}
 j - a potion of flight {unknown}


   Skills:
 * Level 1.5 Fighting
 - Level 1.7 Dodging
 - Level 1.7 Stealth
 - Level 5.4 Spellcasting
 - Level 2.3 Conjurations
 - Level 1.0 Summonings
 - Level 0.8 Translocations


You had 13 spell levels left.
You knew the following spells:

 Your Spells              Type           Power      Damage    Failure   Level
a - Magic Dart            Conj           48%        1d5       5%          1

Your spell library contained the following spells:

 Spells                   Type           Power      Damage    Failure   Level
 Slow                     Hex            16%        N/A       14%         1
 Blink                    Tloc           14%        N/A       14%         2
 Call Imp                 Summ           8%         N/A       14%         2
 Conjure Flame            Conj/Fire      8%         6-21      26%         3
 Mephitic Cloud           Conj/Pois/Air  7%         N/A       30%         3


Dungeon Overview and Level Annotations

Branches:
Dungeon (3/15)

Altars:
Yredelemnul

Annotations:
D:3 1 runed translucent door


Innate Abilities, Weirdness & Mutations

You are partially covered in slimy green scales. (AC +2)
You may rarely emit foul miasma when damaged in melee.
You sometimes gain a little power by taking damage.


Message History

You are frozen.
You hit the endoplasm.
You kill the endoplasm!
You swing at nothing.
You hit the human zombie.
The human zombie is lightly damaged.
The human zombie closely misses you.
You hit the human zombie but do no damage.
The human zombie is lightly damaged.
The human zombie barely misses you.
You hit the human zombie.
The human zombie is lightly damaged.
The human zombie hits you.
You barely miss the human zombie.
The human zombie is lightly damaged.
You barely miss the human zombie.
The human zombie is lightly damaged.
The human zombie hits you.
You hit the human zombie.
You punch the human zombie, but do no damage.
The human zombie is moderately damaged.
The human zombie hits you.
You hit the human zombie.
The human zombie is moderately damaged.
The human zombie hits you.
* * * LOW HITPOINT WARNING * * *
You emit a cloud of foul miasma!
You closely miss the human zombie.
The human zombie is moderately damaged.
The human zombie closely misses you.
You hit the human zombie.
The human zombie is moderately damaged.
You barely miss the human zombie.
The human zombie is moderately damaged.
The human zombie hits you.
* * * LOW HITPOINT WARNING * * *
You completely miss the human zombie.
The human zombie is moderately damaged.
The human zombie hits you.
You die...

#.......#.# #.# ####
#..+..)+..#.# #.# #...
#...##...# #.####...
#... #.#.# #....'...
#...##...# ######...
...)#....# #)..'...
######.#########.###...
#Z#...........####
#@#.#######.#.####
#...# #...#... #####
#####.## #.## #... ####


You could see a human zombie.

Vanquished Creatures
  Sigmund (D:2)
  2 adders (D:2)
  A worm (D:2)
  An orc (D:3)
  5 endoplasms
  3 giant cockroaches (D:2)
  7 goblins
  5 hobgoblins
  7 quokkas
  7 bats
  3 frilled lizards (D:1)
  7 kobolds
  5 rats (D:2)
54 creatures vanquished.

Notes
Turn   | Place    | Note
-------+----------+-------------------------------------------
     0 | D:1      | gruber the Demonspawn Hedge Wizard began the quest for the
                  | Orb.
     0 | D:1      | Reached XP level 1. HP: 13/13 MP: 4/4
   311 | D:1      | Gained mutation: You sometimes gain a little power by
                  | taking damage. [demonic ancestry]
   311 | D:1      | Reached XP level 2. HP: 19/19 MP: 1/6
  1313 | D:1      | Reached skill level 4 in Spellcasting
  1313 | D:1      | Gained mutation: You may rarely emit foul miasma when
                  | damaged in melee. [demonic ancestry]
  1313 | D:1      | Reached XP level 3. HP: 24/24 MP: 6/8
  1553 | D:2      | Found a faded altar of an unknown god.
  1875 | D:2      | Noticed Sigmund
  1897 | D:2      | Killed Sigmund
  1898 | D:2      | Reached skill level 5 in Spellcasting
  1898 | D:2      | Gained mutation: You are partially covered in slimy green
                  | scales. (AC +2) [demonic ancestry]
  1898 | D:2      | Reached XP level 4. HP: 27/30 MP: 9/11
  1898 | D:2      | Reached XP level 5. HP: 31/35 MP: 9/12
  2184 | D:2      | Reached skill level 1 in Fighting
  2326 | D:3      | Noticed a human
  2418 | D:3      | Found a runed translucent door.
  2420 | D:3      | Found a basalt altar of Yredelemnul.
  2453 | D:3      | Slain by a human zombie

Illustrated notes

Levels and vault maps discovered:
D:1:      lemuel_arrival_hallway, layout_basic, st_stairs_4
D:2:      layout_rooms, shapermc_ecumenical_altar_mp_highgroup,
          serial_bayou_pond_a, grunt_ministairs_4,
          hangedman_abyss_or_decor_stabs, kennysheep_generic_room_9,
          uniq_sigmund
D:3:      minmay_octagon_keep, layout_basic, dk_yredelemnul_ordeal,
          mrwooster_statue_mirror, kennysheep_path_1

Skill      XL: |  1  2  3  4  5 |
---------------+----------------+-----
Spellcasting   | 4 5 |  5.4
Conjurations   | 2 |  2.3
Fighting       | 1 |  1.5
Dodging        | |  1.7
Stealth        | |  1.7
Summonings     | |  1.0
Translocations | |  0.8

Action                   |  1- 3 |  4- 6 || total
-------------------------+-------+-------++-------
Melee: Dagger            |    44 |    41 ||    85
       Short sword       |    20 |       ||    20
       Punch             |       |     1 ||     1
 Cast: Magic Dart        |    45 |       ||    45
 Stab: Sleeping          |     3 |     6 ||     9
Armor: Robe              |    11 |     5 ||    16
Dodge: Dodged            |    43 |    11 ||    54

Table legend: (Time is in decaauts)
 A = Elapsed time spent in this place.
 B = Non-inter-level travel time spent in this place.
 C = Inter-level travel time spent in this place.
 D = Time resting spent in this place.
 E = Time spent auto-exploring this place.
 F = Levels seen in this place.
 G = Mean time per level.
                   A        B        C        D        E       F      G
               +--------+--------+--------+--------+--------+-----+--------+
         Total |   2454 |   2365 |     89 |      0 |   1968 |   3 |  818.0 |
       Dungeon |   2454 |   2365 |     89 |      0 |   1968 |   3 |  818.0 |
               +--------+--------+--------+--------+--------+-----+--------+

Top non-repeatable levels by time:
     D:1: 1515 daAuts
     D:2: 801 daAuts
     D:3: 137 daAuts
